[ AOE2 MATCH · #506204230 ]
UnrankedTupi vs Ethiopians
Player's team · WIN
Rival team · LOSS
[ REPLAY ANALYSIS · EXTRACTED FROM THE RECORDED GAME ]
Feudal
10:13
Castle
14:36
Imperial
39:02
| APM avg | 109.7 |
| APM peak | 156 |
| eAPM avg | 84.2 |
| Villagers / military | 178 / 10 |
Focus
⚔️ 11.1% · 🌾 88.9%
Unknown (2579) ×191 · Unknown (2550) ×32 · Trebuchet (Packed) ×6 · Mangonel ×4
Feudal
10:35
Castle
22:05
Imperial
37:13
| APM avg | 72.8 |
| APM peak | 127 |
| eAPM avg | 27.3 |
| Villagers / military | 158 / 259 |
Focus
⚔️ 33.6% · 🌾 66.4%
Archer ×151 · Skirmisher ×91 · Monk ×5 · Militia ×5 · Bombard Cannon ×5 · Trebuchet (Packed) ×2
Match map
Initial resources + every placement click. Lines = walls · curves = elevation contours. ◆ gold · ⬟ stone · ● berries · ✦ relic · ◌ wall gap
Your base· Open — unwalled flank
rsN's base· Open — 6t gap
Smoothed initial terrain · ◌ = detected wall gap · hover for details
Inputs per minute
— Yurrra (qcc ver.) - - rsN
Build order — Yurrra (qcc ver.)
First 150 of 535 actions detected
| 0:01 | Queue | Villager (Male) |
| 0:01 | Queue | Villager (Male) |
| 0:03 | Build | House |
| 0:07 | Build | House |
| 0:08 | Queue | Villager (Male) |
| 0:08 | Queue | Villager (Male) |
| 0:09 | Queue | Villager (Male) |
| 1:19 | Queue | Villager (Male) |
| 1:19 | Queue | Villager (Male) |
| 1:29 | Queue | Villager (Male) |
| 1:29 | Queue | Villager (Male) |
| 1:59 | Build | Settlement |
| 2:07 | Queue | Villager (Male) |
| 2:08 | Queue | Villager (Male) |
| 2:52 | Queue | Villager (Male) |
| 2:52 | Queue | Villager (Male) |
| 2:52 | Queue | Villager (Male) |
| 3:31 | Queue | Villager (Male) |
| 3:31 | Queue | Villager (Male) |
| 3:59 | Queue | Villager (Male) |
| 4:00 | Queue | Villager (Male) |
| 4:20 | Build | Settlement |
| 4:32 | Queue | Villager (Male) |
| 4:32 | Queue | Villager (Male) |
| 4:33 | Queue | Villager (Male) |
| 5:24 | Queue | Villager (Male) |
| 5:25 | Queue | Villager (Male) |
| 5:25 | Queue | Villager (Male) |
| 5:25 | Queue | Villager (Male) |
| 6:08 | Queue | Villager (Male) |
| 6:08 | Queue | Villager (Male) |
| 6:38 | Research | Loom |
| 6:50 | Build | Settlement |
| 8:03 | Research | Feudal Age |
| 8:03 | Research | Feudal Age |
| 9:34 | Queue | Villager (Male) |
| 10:13 | Age | Feudal Age |
| 10:24 | Queue | Villager (Male) |
| 10:30 | Build | Farm |
| 10:40 | Build | Farm |
| 11:00 | Build | Market |
| 11:05 | Build | Blacksmith |
| 11:09 | Build | Blacksmith |
| 11:56 | Research | Castle Age |
| 11:57 | Research | Castle Age |
| 12:46 | Research | Fletching |
| 12:46 | Research | Fletching |
| 14:13 | Queue | Villager (Male) |
| 14:13 | Queue | Villager (Male) |
| 14:36 | Age | Castle Age |
| 14:38 | Research | Double-Bit Axe |
| 15:00 | Queue | Villager (Male) |
| 15:18 | Build | Castle |
| 15:28 | Build | Farm |
| 15:31 | Build | Farm |
| 15:45 | Queue | Villager (Male) |
| 15:51 | Queue | Villager (Male) |
| 16:12 | Queue | Unit 2579 |
| 16:12 | Queue | Unit 2579 |
| 16:12 | Queue | Unit 2579 |
| 16:49 | Queue | Villager (Male) |
| 16:50 | Queue | Villager (Male) |
| 17:05 | Queue | Unit 2579 |
| 17:06 | Queue | Unit 2579 |
| 17:22 | Build | Settlement |
| 17:36 | Queue | Villager (Male) |
| 17:37 | Queue | Villager (Male) |
| 17:51 | Queue | Unit 2579 |
| 17:51 | Queue | Unit 2579 |
| 18:14 | Queue | Unit 2579 |
| 18:14 | Queue | Unit 2579 |
| 18:21 | Queue | Villager (Male) |
| 18:21 | Queue | Villager (Male) |
| 18:22 | Queue | Villager (Male) |
| 18:36 | Queue | Unit 2579 |
| 18:36 | Queue | Unit 2579 |
| 18:48 | Build | Farm |
| 18:56 | Queue | Unit 2579 |
| 18:56 | Queue | Unit 2579 |
| 19:03 | Queue | Villager (Male) |
| 19:03 | Queue | Villager (Male) |
| 19:06 | Build | Farm |
| 19:21 | Build | Farm |
| 19:30 | Queue | Unit 2579 |
| 19:30 | Queue | Unit 2579 |
| 19:30 | Queue | Unit 2579 |
| 19:38 | Queue | Villager (Male) |
| 19:39 | Queue | Villager (Male) |
| 19:49 | Queue | Unit 2579 |
| 19:49 | Queue | Unit 2579 |
| 20:11 | Queue | Villager (Male) |
| 20:11 | Queue | Villager (Male) |
| 20:14 | Build | Farm |
| 20:41 | Queue | Villager (Male) |
| 20:42 | Queue | Unit 2579 |
| 20:43 | Queue | Unit 2579 |
| 20:43 | Queue | Unit 2579 |
| 20:52 | Queue | Unit 2579 |
| 20:52 | Queue | Unit 2579 |
| 21:08 | Queue | Villager (Male) |
| 21:09 | Build | Farm |
| 21:09 | Build | Farm |
| 21:15 | Queue | Unit 2579 |
| 21:15 | Queue | Unit 2579 |
| 21:39 | Build | Town Center |
| 21:48 | Queue | Villager (Male) |
| 21:48 | Queue | Villager (Male) |
| 21:48 | Queue | Villager (Male) |
| 21:54 | Queue | Villager (Male) |
| 21:54 | Queue | Villager (Male) |
| 22:21 | Queue | Villager (Male) |
| 22:22 | Queue | Villager (Male) |
| 22:44 | Queue | Villager (Male) |
| 22:52 | Build | Town Center |
| 22:56 | Queue | Villager (Male) |
| 22:56 | Queue | Villager (Male) |
| 22:57 | Queue | Villager (Male) |
| 23:09 | Queue | Unit 2579 |
| 23:09 | Queue | Unit 2579 |
| 23:17 | Queue | Unit 2579 |
| 23:18 | Queue | Unit 2579 |
| 23:35 | Queue | Unit 2579 |
| 23:36 | Queue | Unit 2579 |
| 23:48 | Queue | Villager (Male) |
| 23:53 | Build | Farm |
| 23:56 | Build | Farm |
| 23:59 | Build | Farm |
| 24:02 | Build | Farm |
| 24:09 | Build | Farm |
| 24:10 | Queue | Villager (Male) |
| 24:30 | Build | Siege Workshop |
| 24:31 | Queue | Villager (Male) |
| 24:32 | Queue | Villager (Male) |
| 24:35 | Queue | Unit 2579 |
| 24:35 | Queue | Unit 2579 |
| 24:36 | Queue | Villager (Male) |
| 24:37 | Queue | Villager (Male) |
| 24:37 | Queue | Villager (Male) |
| 24:41 | Build | Farm |
| 24:42 | Queue | Villager (Male) |
| 24:42 | Queue | Villager (Male) |
| 24:47 | Queue | Unit 2579 |
| 24:47 | Queue | Unit 2579 |
| 24:53 | Queue | Villager (Male) |
| 25:09 | Build | Settlement |
| 25:12 | Queue | Villager (Male) |
| 25:12 | Queue | Villager (Male) |
| 25:25 | Queue | Villager (Male) |
| 25:32 | Queue | Mangonel |
| 25:32 | Queue | Mangonel |
Build order — rsN
First 150 of 415 actions detected
| 0:00 | Queue | Villager (Male) |
| 0:01 | Queue | Villager (Male) |
| 0:01 | Queue | Villager (Male) |
| 0:01 | Queue | Villager (Male) |
| 0:02 | Build | House |
| 0:04 | Build | House |
| 1:29 | Queue | Villager (Male) |
| 1:29 | Queue | Villager (Male) |
| 1:47 | Build | Lumber Camp |
| 2:02 | Queue | Villager (Male) |
| 2:02 | Queue | Villager (Male) |
| 2:15 | Queue | Villager (Male) |
| 2:15 | Queue | Villager (Male) |
| 2:45 | Queue | Villager (Male) |
| 3:02 | Queue | Villager (Male) |
| 3:38 | Queue | Villager (Male) |
| 3:38 | Queue | Villager (Male) |
| 3:56 | Build | House |
| 4:05 | Queue | Villager (Male) |
| 4:05 | Queue | Villager (Male) |
| 4:05 | Queue | Villager (Male) |
| 4:23 | Queue | Villager (Male) |
| 4:23 | Queue | Villager (Male) |
| 4:47 | Queue | Villager (Male) |
| 4:47 | Queue | Villager (Male) |
| 4:55 | Build | Barracks |
| 5:26 | Queue | Villager (Male) |
| 5:45 | Build | House |
| 5:48 | Queue | Militia ×2 |
| 5:49 | Queue | Militia ×2 |
| 6:10 | Queue | Villager (Male) |
| 6:19 | Build | House |
| 6:22 | Queue | Villager (Male) |
| 6:30 | Queue | Militia |
| 6:45 | Build | Mill |
| 6:52 | Build | Palisade Wall |
| 7:06 | Queue | Villager (Male) |
| 7:06 | Queue | Villager (Male) |
| 7:32 | Research | Loom |
| 8:25 | Research | Feudal Age |
| 9:39 | Build | Mining Camp |
| 10:35 | Age | Feudal Age |
| 10:43 | Queue | Villager (Male) |
| 10:43 | Queue | Villager (Male) |
| 10:50 | Build | Archery Range |
| 10:58 | Queue | Villager (Male) |
| 10:58 | Queue | Villager (Male) |
| 11:25 | Research | Double-Bit Axe |
| 11:26 | Queue | Villager (Male) |
| 11:36 | Build | Archery Range |
| 11:38 | Build | Palisade Wall |
| 11:40 | Queue | Archer |
| 11:41 | Queue | Archer ×3 |
| 12:10 | Queue | Villager (Male) |
| 12:19 | Queue | Archer |
| 12:19 | Queue | Archer |
| 12:20 | Queue | Archer |
| 12:20 | Queue | Archer |
| 12:30 | Queue | Villager (Male) |
| 12:37 | Build | House |
| 12:42 | Queue | Archer |
| 12:43 | Queue | Archer |
| 13:02 | Build | Blacksmith |
| 13:06 | Queue | Archer |
| 13:07 | Queue | Archer |
| 13:09 | Queue | Villager (Male) |
| 13:18 | Build | House |
| 13:32 | Queue | Archer |
| 13:32 | Queue | Archer |
| 13:41 | Research | Fletching |
| 13:41 | Queue | Villager (Male) |
| 13:45 | Build | Farm |
| 13:54 | Queue | Villager (Male) |
| 14:00 | Build | House |
| 14:05 | Queue | Archer |
| 14:06 | Queue | Archer |
| 14:18 | Build | Mill |
| 14:26 | Build | Palisade Wall |
| 14:35 | Build | Farm |
| 14:53 | Queue | Archer |
| 14:54 | Queue | Archer |
| 14:54 | Queue | Archer |
| 14:54 | Queue | Archer |
| 14:55 | Queue | Villager (Male) |
| 14:56 | Queue | Villager (Male) |
| 15:06 | Queue | Villager (Male) |
| 15:07 | Queue | Villager (Male) |
| 15:07 | Queue | Villager (Male) |
| 15:24 | Build | House |
| 15:33 | Build | Farm |
| 15:35 | Build | Farm |
| 15:38 | Build | Farm |
| 15:50 | Queue | Archer |
| 15:50 | Queue | Archer |
| 15:51 | Queue | Archer |
| 16:21 | Build | Farm |
| 16:26 | Build | Farm |
| 16:30 | Build | Farm |
| 16:34 | Queue | Archer |
| 16:34 | Queue | Archer |
| 16:47 | Build | Farm |
| 17:11 | Build | Mining Camp |
| 17:13 | Research | Padded Archer Armor |
| 17:16 | Queue | Villager (Male) |
| 17:22 | Build | Farm |
| 17:27 | Build | Palisade Wall |
| 18:17 | Build | Market |
| 18:40 | Queue | Archer |
| 18:41 | Queue | Archer |
| 18:41 | Queue | Archer |
| 18:41 | Queue | Archer |
| 18:41 | Queue | Archer |
| 18:42 | Queue | Archer |
| 19:25 | Research | Castle Age |
| 20:17 | Build | Watch Tower |
| 20:23 | Queue | Archer |
| 20:24 | Queue | Archer ×4 |
| 20:24 | Queue | Archer ×3 |
| 20:27 | Research | Horse Collar |
| 20:36 | Build | Watch Tower |
| 21:26 | Queue | Archer |
| 21:26 | Queue | Archer ×2 |
| 21:26 | Queue | Archer |
| 21:56 | Research | Gold Mining |
| 22:05 | Age | Castle Age |
| 22:09 | Research | Crossbowman (upgrade) |
| 22:10 | Research | Bodkin Arrow |
| 22:10 | Research | Bodkin Arrow |
| 22:35 | Queue | Archer |
| 22:36 | Queue | Archer |
| 23:11 | Queue | Villager (Male) |
| 23:11 | Queue | Villager (Male) |
| 23:11 | Queue | Villager (Male) |
| 23:16 | Queue | Villager (Male) |
| 23:16 | Queue | Villager (Male) |
| 23:19 | Build | Town Center |
| 23:28 | Queue | Villager (Male) |
| 23:28 | Queue | Villager (Male) |
| 23:50 | Build | House |
| 23:57 | Research | Wheelbarrow |
| 24:12 | Queue | Villager (Male) |
| 24:13 | Queue | Villager (Male) |
| 24:18 | Queue | Villager (Male) |
| 24:18 | Queue | Villager (Male) |
| 24:19 | Queue | Villager (Male) |
| 24:19 | Queue | Villager (Male) |
| 24:28 | Research | Leather Archer Armor |
| 24:28 | Research | Leather Archer Armor |
| 24:31 | Queue | Villager (Male) |
| 24:31 | Queue | Villager (Male) |
Match timeline
| 4:55 | rsN · first_building Barracks |
| 6:52 | rsN · wall_segment Palisade Wall x10 |
| 10:13 | Yurrra (qcc ver.) · age_up feudal |
| 10:35 | rsN · age_up feudal |
| 10:50 | rsN · first_building Archery Range |
| 11:38 | rsN · wall_segment Palisade Wall x1 |
| 11:56 | Yurrra (qcc ver.) · first_market_sell 100 stone |
| 14:26 | rsN · wall_segment Palisade Wall x11 |
| 14:36 | Yurrra (qcc ver.) · age_up castle |
| 14:41 | Yurrra (qcc ver.) · first_market_buy 100 stone |
| 15:18 | Yurrra (qcc ver.) · first_building Castle |
| 17:27 | rsN · wall_segment Palisade Wall x9 |
| 19:23 | rsN · first_market_buy 100 food |
| 22:05 | rsN · age_up castle |
| 23:32 | rsN · first_market_sell 100 wood |
| 24:30 | Yurrra (qcc ver.) · first_building Siege Workshop |
| 25:43 | rsN · first_building Monastery |
| 31:49 | rsN · first_building Castle |
| 36:47 | Yurrra (qcc ver.) · first_building Barracks |
| 37:13 | rsN · age_up imperial |
| 38:18 | rsN · first_building Siege Workshop |
| 39:02 | Yurrra (qcc ver.) · age_up imperial |
| 43:45 | rsN · first_building Stable |
| 48:31 | rsN · resign |
[ AI ANALYSIS · 1 CREDIT ]
What really happened in this match?
Wolo.gg analyzes every decision: build order, eco, micro, common mistakes by bracket. Personalized analysis on WhatsApp or Discord in 30 seconds.
Civ guide
Tupi
Perfil
Yurrra (qcc ver.)